AoeStats
← ThePunisher1805

Oasis

509208218Analyzed
3v3 RM · 6d ago on Sep 25, 2026· 44m 28s· 6 players
Game mode
Random Map
Map size
Normal (6 player)
Population
200
Speed
Normal
Resources
Standard
Victory
Conquest
Starting age
Dark Age
Ending age
Imperial Age
RankedLock teamsTeams togetherTeam positionsShared explorationLock speedFull tech treeHidden civsTurbo modeCheats
Victory
Defeat
🇨🇱 Lithuanians · Chile
1164
+13
🇨🇱 Saracens · Chile
1112
+15
🇨🇱 Khmer · Chile
1047
+19
🇳🇱 Khmer · Netherlands
1122
-17
🇳🇱 Teutons · Netherlands
1101
-16
🇳🇱 Magyars · Netherlands
1062
-14
MLGGandalf
2:25 Loom
11:55 Feudal Age
16:28 Castle Age
14:25 Double-Bit Axe
15:45 Scale Barding Armor
21:25 Scale Barding Armor
23:25 Forging
24:27 Bow Saw
23:50 Elite Skirmisher
26:21 Pikeman
Tapi
8:46 Loom
10:56 Feudal Age
14:52 Castle Age
13:14 Double-Bit Axe
18:19 Horse Collar
22:08 Bow Saw
26:00 Stone Mining
26:14 Heavy Plow
28:44 Ballistics
28:38 Bloodlines
28:28 Husbandry
33:18 Imperial Age
31:43 Fortified Wall
32:53 Gold Mining
34:28 Conscription
35:01 Gold Shaft Mining
35:06 Wheelbarrow
35:10 Stone Shaft Mining
34:56 Elite Ballista Elephant
37:32 Double Crossbow
38:32 Hand Cart
ThePunisher1805
12:06 Feudal Age
12:54 Double-Bit Axe
16:02 Wheelbarrow
17:12 Scale Barding Armor
16:55 Horse Collar
20:53 Bloodlines
26:18 Castle Age
26:48 Light Cavalry
27:29 Husbandry
27:53 Chain Barding Armor
28:21 Bow Saw
29:05 Heavy Plow
35:47 Imperial Age
34:32 Corvinian Army
37:29 Hussar
LWV | planb
4:50 Loom
10:32 Feudal Age
10:59 Double-Bit Axe
14:11 Wheelbarrow
13:54 Fletching
18:02 Horse Collar
21:59 Castle Age
19:52 Gold Mining
21:10 Padded Archer Armor
22:00 Crossbowman
22:37 Bodkin Arrow
23:10 Bow Saw
23:41 Town Watch
28:08 Ballistics
29:10 Hand Cart
29:13 Leather Archer Armor
29:50 Thumb Ring
30:52 Heavy Plow
34:33 Imperial Age
35:15 Town Patrol
34:38 Arbalester
35:23 Bracer
36:03 Ring Archer Armor
35:25 Stone Mining
39:08 Chemistry
38:14 Siege Engineers
39:45 Two-Man Saw
40:52 Hoardings
40:40 Conscription
40:49 Onager
43:14 Siege Onager
LWV | AndresO11
10:38 Feudal Age
14:50 Castle Age
13:04 Double-Bit Axe
13:03 Horse Collar
13:11 Loom
13:35 Gold Mining
15:23 Wheelbarrow
17:28 Bow Saw
18:08 Forging
21:35 Scale Barding Armor
23:50 Husbandry
24:56 Iron Casting
27:13 Bloodlines
27:26 Chain Barding Armor
30:50 Hand Cart
36:32 Imperial Age
34:55 Masonry
36:40 Cavalier
37:58 Plate Barding Armor
38:33 Paladin
40:03 Town Watch
LWV | ChrisJedai
5:09 Loom
11:52 Feudal Age
15:52 Castle Age
14:21 Double-Bit Axe
19:18 Wheelbarrow
19:21 Bow Saw
19:51 Horse Collar
23:54 Heavy Plow
26:21 Hand Cart
29:44 Imperial Age
27:54 Town Watch
27:35 Light Cavalry
28:17 Husbandry
28:28 Bloodlines
29:24 Forging
29:20 Scale Barding Armor
30:14 Heavy Scorpion
34:09 Iron Casting
33:32 Gold Mining
34:47 Hussar
35:40 Double Crossbow
37:06 Blast Furnace
37:24 Town Patrol
38:05 Gold Shaft Mining
39:47 Chain Barding Armor
42:23 Ballistics
42:08 Siege Engineers
43:05 Chemistry
Connection lost

Rejoining the realm…

Still unreachable

The connection could not be restored.

Session expired

The server has moved on; the page needs a fresh start.